Unix NetHack Version 3.7.0-101 Work-in-progress - last build Mar 4 2024 02:26:32 (3c4ac04b664b9ee0831c739617f054b5b60dbfd1,branch:master). Game began 2024-03-05 13:28:49, ended 2024-03-06 07:50:44. elenmirie, neutral female gnomish Archeologist ------ |....| |..... |..<.| --|--- # # ## # # # -|------------- |.............| |@((((.(((((((| |(]((](..(((((| |@......((((((| --------------- Elenmirie the Field Worker St:15 Dx:11 Co:10 In:17 Wi:15 Ch:9 Neutral Dlvl:4 $:0 HP:0(28) Pw:17(17) AC:4 Xp:3/44 T:1694 Hungry Burdened Latest messages: The small mimic hits! You lash the small mimic. The small mimic hits! What do you want to drink? [p or ?*] p You feel better. The small mimic hits! You lash the small mimic. You lash the small mimic. You miss the small mimic. You hear a door open. You lash the small mimic. You lash the small mimic. The small mimic hits! You miss the small mimic. The small mimic hits! Coco picks up a whistle. Coco drops a whistle. You are beginning to feel hungry. What do you want to drink? [p or ?*] p You feel better. You miss the small mimic. Coco picks up an expensive camera. The small mimic hits! You lash the small mimic. Coco drops an expensive camera. Coco picks up a stethoscope. You lash the small mimic. The small mimic hits! You miss the small mimic. You miss the small mimic. You miss the small mimic. You miss the small mimic. What do you want to zap? [v or ?*] v In what direction? l The small mimic vanishes! Zlaw booms: "elenmirie, you are a thief!" Zlaw booms: "elenmirie, you are a thief!" Zlaw booms: "elenmirie, you are a thief!" Coco vanishes! Zlaw booms: "elenmirie, you are a thief!" Zlaw booms: "elenmirie, you are a thief!" Zlaw zaps an iridium wand! The wand hits you! You die... Zlaw comes and takes all your possessions. Do you want to see what you had when you died? [ynq] (y) y Do you want to see your attributes? [ynq] (y) y Do you want an account of creatures vanquished? [ynaq] (y) y Do you want to see your conduct and achievements? [ynq] (y) y Do you want to see the dungeon overview? [ynq] (y) y Inventory: Weapons a - an uncursed +2 bullwhip (weapon in right hand) Armor c - an uncursed +0 fedora (being worn) F - an uncursed +0 pair of kicking boots (being worn) E - an uncursed +0 oilskin cloak (being worn) D - an uncursed +1 studded leather armor (being worn) Comestibles d - 4 uncursed food rations Rings m - an uncursed +1 ring of protection Wands v - an uncursed wand of teleportation (0:6) Tools w - an uncursed sack containing 9 items e - a cursed lock pick i - an uncursed magic marker (0:19) t - an uncursed tinning kit (0:62) Gems/Stones g - an uncursed touchstone Contents of the sack: an uncursed scroll of confuse monster a cursed scroll of identify 2 uncursed scrolls of light an uncursed scroll of taming an uncursed spellbook of light an uncursed potion of gain ability an uncursed potion of monster detection an uncursed potion of water an uncursed +0 pick-axe Elenmirie the Archeologist's attributes: Background: You were a Field Worker, a level 3 female gnomish Archeologist. You were neutral, on a mission for Camaxtli who was opposed by Quetzalcoatl (lawful) and Huhetotl (chaotic). You were right-handed. You were in the Dungeons of Doom, on level 4. You entered the dungeon 1694 turns ago. You had 44 experience points, 36 more were needed to attain level 4. Basics: You had 0 out of 28 hit points. You had all 17 energy points (spell power). Your armor class was 4. Your wallet was empty. Autopickup was on, but temporarily disabled while inside the shop. Final Characteristics: Your strength was 15 (limit:18/50). Your dexterity was 11 (limit:18). Your constitution was 10 (limit:18). Your intelligence was 17 (limit:19). Your wisdom was 15 (limit:18). Your charisma was 9 (limit:18). Final Status: You were hungry. You were burdened; movement was slightly slowed. You were wielding a whip. You had basic skill with whip. Final Attributes: You were devoutly aligned. You had automatic searching. You had infravision. You were guarded. You are dead. Miscellaneous: You never encountered a bones level. Total elapsed playing time was 24 minutes and 35 seconds. Major events: Turn 1: elenmirie the neutral female gnomish Archeologist entered the dungeon 1593: attained the rank of Field Worker (level 3) 1694: killed by a wand Vanquished creatures: a large kobold a garter snake a gnome zombie 3 geckos 3 jackals 2 kobolds 2 sewer rats 4 grid bugs a bat 4 lichens a kobold zombie a newt 24 creatures vanquished. No species were genocided or became extinct. Voluntary challenges: You followed a strict vegan diet. You read items or engraved 1 time. You never engraved Elbereth. You never genocided any monsters. You never polymorphed an object. You never changed form. You used no wishes. Achievements: You entered a shop. You attained the rank of Field Worker. The Dungeons of Doom: levels 1 to 4 Level 1: Some fountains. Level 2: An altar, a fountain, some sinks. Level 3: Level 4: <- You were here. A shop. Final resting place for you, killed by a wand. Game over: ---------- / \ / REST \ / IN \ / PEACE \ / \ | elenmirie | | 0 Au | | killed by a wand | | | | | | | | 2024 | *| * * * | * _________)/\\_//(\/(/\)/\//\/|_)_______ Goodbye elenmirie the Archeologist... You died in The Dungeons of Doom on dungeon level 4 with 336 points, and 0 pieces of gold, after 1694 moves. You were level 3 with a maximum of 28 hit points when you died.